| TOP OF THE 1ST |
|
Miami (APP) Marlins batting - Pitching for Missoula Osprey : LHP Elias Reyes
|
|
Pitching: LHP Elias Reyes
|
|
|
Batting: RHB Terrell Smith
|
0-0: Swinging Strike 0-1: Ball 1-1: Ball 2-1: Foul Ball, location: 2F 2-2: Strikes out swinging
|
|
Batting: RHB Axel Moltke
|
0-0: Called Strike 0-1: Ball 1-1: Ball 2-1: Ball 3-1: Base on Balls
|
|
Batting: RHB Clark Meagher
|
0-0: Ball 1-0: Ball 2-0: Called Strike 2-1: Foul Ball, location: 2F 2-2: Ball 3-2: 2-RUN HOME RUN (Flyball, 7D, EV 94.4 MPH), Distance : 343 ft
|
|
Batting: RHB David Martin
|
0-0: Ball 1-0: Ball 2-0: Called Strike 2-1: Ground out 4-3 (Groundball, 4M, EV 81.2 MPH)
|
|
Batting: RHB Robbie Gomez
|
0-0: Ball 1-0: Called Strike 1-1: Ground out 6-3 (Groundball, 6S, EV 62.5 MPH)
|
| Top of the 1st over - 2 runs, 1 hit, 0 errors, 0 left on base; Miami (APP) 2 - Missoula 0 |
| BOTTOM OF THE 1ST |
|
Missoula Osprey batting - Pitching for Miami (APP) Marlins : RHP Leon Valle
|
|
Pitching: RHP Leon Valle
|
|
|
Batting: LHB Danny Salas
|
0-0: Foul Ball, location: 2F 0-1: Ball 1-1: Ball 2-1: Ball 3-1: Foul Ball, location: 2F 3-2: Ground out 4-3 (Groundball, 4, EV 108.8 MPH)
|
|
Batting: RHB Hyeok Shon
|
0-0: Ball 1-0: SINGLE (Line Drive, 7LS, EV 108.1 MPH)
|
|
Batting: RHB Claude Leduc
|
0-0: Ball 1-0: Ball 2-0: Foul Ball, location: 2F 2-1: Foul Ball, location: 2F 2-2: Ball 3-2: Strikes out swinging Hyeok Shon is caught stealing 2nd base 2-4 Batter strikes out.
|
| Bottom of the 1st over - 0 runs, 1 hit, 0 errors, 0 left on base; Miami (APP) 2 - Missoula 0 |
| TOP OF THE 2ND |
|
Miami (APP) Marlins batting - Pitching for Missoula Osprey : LHP Elias Reyes
|
|
Batting: RHB Adrian Bocker
|
0-0: Called Strike 0-1: Ball 1-1: DOUBLE (Groundball, 5L, EV 107.5 MPH)
|
|
Batting: RHB Aaron Mamer
|
0-0: Called Strike 0-1: Swinging Strike 0-2: Foul Ball, location: 2F 0-2: Strikes out swinging
|
|
Batting: RHB Francisco Valenzuela
|
0-0: Ball 1-0: SINGLE (Groundball, 6D, EV 103.1 MPH) Adrian Bocker to third
|
|
Batting: RHB Hektor Luvian
|
0-0: Ball Francisco Valenzuela steals 2nd base (no throw) Balk! Adrian Bocker scores Francisco Valenzuela to third 1-0: Ball Steal of home, Francisco Valenzuela is out 2-0: Ball 3-0: Called Strike 3-1: Foul Ball, location: 2F 3-2: Foul Ball, location: 2F 3-2: Base on Balls
|
|
Batting: RHB Terrell Smith
|
0-0: Foul Ball, location: 2F 0-1: Ball 1-1: Ball 2-1: Ball Wild Pitch! Hektor Luvian to second 3-1: Swinging Strike 3-2: Base on Balls
|
|
Batting: RHB Axel Moltke
|
0-0: Called Strike 0-1: Called Strike 0-2: Fielders Choice at 2nd, 5-4 (Groundball, 56, EV 84.4 MPH)
|
| Top of the 2nd over - 1 run, 2 hits, 0 errors, 2 left on base; Miami (APP) 3 - Missoula 0 |
| BOTTOM OF THE 2ND |
|
Missoula Osprey batting - Pitching for Miami (APP) Marlins : RHP Leon Valle
|
|
Batting: LHB Falco van Koeveringe
|
0-0: Fly out, F9 (Flyball, 9, EV 92.5 MPH)
|
|
Batting: LHB Angelo Lira
|
0-0: Ground out U3 (Groundball, 3, EV 77.5 MPH)
|
|
Batting: RHB David Powell
|
0-0: Called Strike 0-1: Foul Ball, location: 2F 0-2: Ball 1-2: Foul Ball, location: 2F 1-2: DOUBLE (Flyball, 8LXD, EV 93.8 MPH)
|
|
Batting: RHB Shing Mah
|
0-0: Foul Ball, location: 2F 0-1: Ball 1-1: Hit by Pitch
|
|
Batting: RHB Hector Tabares
|
0-0: Called Strike 0-1: Swinging Strike 0-2: Foul Ball, location: 2F 0-2: Foul Ball, location: 2F 0-2: Ball 1-2: Reached on error, E6 (Groundball, 6, EV 86.9 MPH) David Powell to third Shing Mah to second
|
|
Batting: LHB Adam Spence
|
0-0: Called Strike 0-1: Called Strike 0-2: Strikes out swinging
|
| Bottom of the 2nd over - 0 runs, 1 hit, 1 error, 3 left on base; Miami (APP) 3 - Missoula 0 |
| TOP OF THE 3RD |
|
Miami (APP) Marlins batting - Pitching for Missoula Osprey : LHP Elias Reyes
|
|
Batting: RHB Clark Meagher
|
0-0: Ball 1-0: Foul Ball, location: 2F 1-1: Ball 2-1: Foul Ball, location: 2F 2-2: Foul Ball, location: 2F 2-2: Fly out, F9 (Flyball, 9, EV 95.0 MPH)
|
|
Batting: RHB David Martin
|
0-0: Called Strike 0-1: Foul Ball, location: 2F 0-2: Foul Ball, location: 2F 0-2: Ball 1-2: Foul Ball, location: 2F 1-2: Ground out 1-3 (Groundball, P, EV 70.6 MPH)
|
|
Batting: RHB Robbie Gomez
|
0-0: Ball 1-0: Foul Ball, location: 2F 1-1: Foul Ball, location: 2F 1-2: Fly out, F8 (Flyball, 8LD, EV 94.4 MPH)
|
| Top of the 3rd over - 0 runs, 0 hits, 0 errors, 0 left on base; Miami (APP) 3 - Missoula 0 |
| BOTTOM OF THE 3RD |
|
Missoula Osprey batting - Pitching for Miami (APP) Marlins : RHP Leon Valle
|
|
Batting: LHB Danny Salas
|
0-0: Called Strike 0-1: Ball 1-1: Ball 2-1: Foul Ball, location: 2F 2-2: Strikes out looking
|
|
Batting: RHB Hyeok Shon
|
0-0: Ground out 6-3 (Groundball, 6, EV 83.8 MPH)
|
|
Batting: RHB Claude Leduc
|
0-0: Ball 1-0: Called Strike 1-1: Ball 2-1: Ball 3-1: Base on Balls
|
|
Batting: LHB Falco van Koeveringe
|
0-0: Ball 1-0: 2-RUN HOME RUN (Line Drive, 89XD, EV 98.8 MPH), Distance : 406 ft
|
|
Batting: LHB Angelo Lira
|
0-0: Foul Ball, location: 2F 0-1: SINGLE (Line Drive, 89S, EV 107.5 MPH)
|
|
Batting: RHB David Powell
|
0-0: Fielders Choice at 2nd, 6-4 (Groundball, 6, EV 100.6 MPH)
|
| Bottom of the 3rd over - 2 runs, 2 hits, 0 errors, 1 left on base; Miami (APP) 3 - Missoula 2 |
| TOP OF THE 4TH |
|
Miami (APP) Marlins batting - Pitching for Missoula Osprey : LHP Elias Reyes
|
|
Batting: RHB Adrian Bocker
|
0-0: Foul Ball, location: 2F 0-1: Ball 1-1: Swinging Strike 1-2: Foul Ball, location: 2F 1-2: Ball 2-2: Ball 3-2: Foul Ball, location: 2F 3-2: Base on Balls
|
|
Batting: RHB Aaron Mamer
|
0-0: Ball 1-0: Ball 2-0: Called Strike 2-1: Ball 3-1: Called Strike 3-2: Base on Balls Adrian Bocker to second
|
|
Batting: RHB Francisco Valenzuela
|
0-0: Ball 1-0: Called Strike 1-1: Ball 2-1: Swinging Strike 2-2: Strikes out swinging
|
|
Batting: RHB Hektor Luvian
|
0-0: Grounds into double play, 3-6-3 (Groundball, 34, EV 101.2 MPH)
|
| Top of the 4th over - 0 runs, 0 hits, 0 errors, 1 left on base; Miami (APP) 3 - Missoula 2 |
| BOTTOM OF THE 4TH |
|
Missoula Osprey batting - Pitching for Miami (APP) Marlins : RHP Leon Valle
|
|
Batting: RHB Shing Mah
|
0-0: Ground out 6-3 (Groundball, 6M, EV 93.8 MPH)
|
|
Batting: RHB Hector Tabares
|
0-0: Fly out, F8 (Flyball, 89S, EV 78.1 MPH)
|
|
Batting: LHB Adam Spence
|
0-0: Foul Ball, location: 2F 0-1: Ground out 2-3 (Groundball, 2R, EV 73.1 MPH)
|
| Bottom of the 4th over - 0 runs, 0 hits, 0 errors, 0 left on base; Miami (APP) 3 - Missoula 2 |
| TOP OF THE 5TH |
|
Miami (APP) Marlins batting - Pitching for Missoula Osprey : LHP Elias Reyes
|
|
Batting: RHB Terrell Smith
|
0-0: Ball 1-0: Ball 2-0: Called Strike 2-1: Ball 3-1: Base on Balls
|
|
Batting: RHB Axel Moltke
|
0-0: Ball 1-0: Ball 2-0: Ball 3-0: Base on Balls Terrell Smith to second
|
|
Batting: RHB Clark Meagher
|
0-0: Called Strike 0-1: 3-RUN HOME RUN (Flyball, 7D, EV 93.1 MPH), Distance : 343 ft
|
|
Pitching: RHP Ricky Ramos
|
|
|
Batting: RHB David Martin
|
0-0: Called Strike 0-1: SINGLE (Groundball, 56S, EV 63.8 MPH) (infield hit)
|
|
Batting: RHB Robbie Gomez
|
0-0: Foul Ball, location: 2F 0-1: Ball 1-1: Swinging Strike 1-2: Foul Ball, location: 2F 1-2: Ball 2-2: Ball 3-2: Fielders Choice at 2nd, 5-4 (Groundball, 5S, EV 85.0 MPH)
|
|
Batting: RHB Adrian Bocker
|
0-0: Fly out, F6 (Line Drive, 6, EV 62.5 MPH) Lined into DP, 6-3 (Line Drive, 6, EV 63.8 MPH)
|
| Top of the 5th over - 3 runs, 2 hits, 0 errors, 0 left on base; Miami (APP) 6 - Missoula 2 |
| BOTTOM OF THE 5TH |
|
Missoula Osprey batting - Pitching for Miami (APP) Marlins : RHP Leon Valle
|
|
Batting: LHB Danny Salas
|
0-0: Ball 1-0: Ground out 5-3 (Groundball, 56, EV 102.5 MPH)
|
|
Batting: RHB Hyeok Shon
|
0-0: Ball 1-0: Ball 2-0: Called Strike 2-1: SINGLE (Groundball, 4MS, EV 73.1 MPH) (infield hit)
|
|
Batting: RHB Claude Leduc
|
0-0: DOUBLE (Line Drive, 5D, EV 100.0 MPH) Hyeok Shon to third Runner from 3rd tries for Home, SAFE, throw by LF to home
|
|
Batting: LHB Falco van Koeveringe
|
0-0: Ball 1-0: Called Strike 1-1: Foul Ball, location: 2F 1-2: Strikes out swinging
|
|
Batting: LHB Angelo Lira
|
0-0: Ground out 6-3 (Groundball, 6, EV 80.0 MPH)
|
| Bottom of the 5th over - 1 run, 2 hits, 0 errors, 1 left on base; Miami (APP) 6 - Missoula 3 |
| TOP OF THE 6TH |
|
Miami (APP) Marlins batting - Pitching for Missoula Osprey : RHP Ricky Ramos
|
|
Batting: RHB Aaron Mamer
|
0-0: Called Strike 0-1: Called Strike 0-2: Ball 1-2: Strikes out swinging
|
|
Batting: RHB Francisco Valenzuela
|
0-0: Swinging Strike 0-1: Swinging Strike 0-2: Strikes out looking
|
|
Batting: RHB Hektor Luvian
|
0-0: Ball 1-0: Ball 2-0: Ball 3-0: Base on Balls
|
|
Batting: RHB Terrell Smith
|
0-0: Foul Ball, location: 2F 0-1: Ball 1-1: Called Strike 1-2: Ball Wild Pitch! Hektor Luvian to second 2-2: Ball 3-2: Strikes out swinging
|
| Top of the 6th over - 0 runs, 0 hits, 0 errors, 1 left on base; Miami (APP) 6 - Missoula 3 |
| BOTTOM OF THE 6TH |
|
Missoula Osprey batting - Pitching for Miami (APP) Marlins : RHP Leon Valle
|
|
Batting: RHB David Powell
|
0-0: Called Strike 0-1: Ground out U3 (Groundball, 3, EV 81.2 MPH)
|
|
Batting: RHB Shing Mah
|
0-0: Ground out 5-3 (Groundball, 56, EV 108.8 MPH)
|
|
Batting: RHB Hector Tabares
|
0-0: TRIPLE (Flyball, 78XD, EV 106.2 MPH)
|
|
Batting: LHB Adam Spence
|
0-0: Ball 1-0: Foul Ball, location: 2F 1-1: Ball 2-1: Ball 3-1: Ground out 5-3 (Groundball, 5, EV 81.2 MPH)
|
| Bottom of the 6th over - 0 runs, 1 hit, 0 errors, 1 left on base; Miami (APP) 6 - Missoula 3 |
| TOP OF THE 7TH |
|
Miami (APP) Marlins batting - Pitching for Missoula Osprey : RHP Ricky Ramos
|
|
Batting: RHB Axel Moltke
|
0-0: Called Strike 0-1: Foul Ball, location: 2F 0-2: Foul Ball, location: 2F 0-2: Strikes out swinging
|
|
Batting: RHB Clark Meagher
|
0-0: Called Strike 0-1: Called Strike 0-2: Ball 1-2: Foul Ball, location: 2F 1-2: SOLO HOME RUN (Flyball, 7D, EV 95.6 MPH), Distance : 374 ft
|
|
Batting: RHB David Martin
|
0-0: Ball 1-0: Foul Ball, location: 2F 1-1: Swinging Strike 1-2: Ball 2-2: Ball 3-2: SINGLE (Groundball, 6MS, EV 73.8 MPH) (infield hit)
|
|
Pitching: LHP Travis Osorio
|
|
|
Batting: RHB Robbie Gomez
|
0-0: Ball David Martin steals 2nd, throwing error, E2 David Martin to third 1-0: Called Strike 1-1: Ball 2-1: Swinging Strike 2-2: Foul Ball, location: 2F 2-2: Ground out 3-1 (Groundball, 34S, EV 66.2 MPH) David Martin scores
|
|
Batting: RHB Adrian Bocker
|
0-0: Called Strike 0-1: Ground out 1-3 (Groundball, 34S, EV 67.5 MPH)
|
| Top of the 7th over - 2 runs, 2 hits, 1 error, 0 left on base; Miami (APP) 8 - Missoula 3 |
| BOTTOM OF THE 7TH |
|
Missoula Osprey batting - Pitching for Miami (APP) Marlins : RHP Leon Valle
|
|
Batting: LHB Danny Salas
|
0-0: Ball 1-0: Ball 2-0: Called Strike 2-1: Called Strike 2-2: Fly out, F8 (Flyball, 78S, EV 85.6 MPH)
|
|
Pitching: RHP Eric Schafer
|
|
|
Batting: RHB Hyeok Shon
|
0-0: Ball 1-0: Ball 2-0: Foul Ball, location: 2F 2-1: Foul Ball, location: 2F 2-2: Foul Ball, location: 2F 2-2: DOUBLE (Flyball, 8RXD, EV 105.6 MPH)
|
|
Batting: RHB Claude Leduc
|
0-0: Foul Ball, location: 2F 0-1: 2-RUN HOME RUN (Flyball, 7D, EV 96.9 MPH), Distance : 369 ft
|
|
Batting: LHB Falco van Koeveringe
|
0-0: Ball 1-0: Swinging Strike 1-1: Swinging Strike 1-2: Foul Ball, location: 2F 1-2: Strikes out looking
|
|
Batting: LHB Angelo Lira
|
0-0: Hit by Pitch
|
|
Batting: RHB David Powell
|
0-0: Called Strike Angelo Lira steals 2nd base 0-1: Foul Ball, location: 2F 0-2: Ground out U3 (Groundball, 34S, EV 81.9 MPH)
|
| Bottom of the 7th over - 2 runs, 2 hits, 0 errors, 1 left on base; Miami (APP) 8 - Missoula 5 |
| TOP OF THE 8TH |
|
Miami (APP) Marlins batting - Pitching for Missoula Osprey : LHP Travis Osorio
|
|
Batting: RHB Aaron Mamer
|
0-0: Ball 1-0: Ground out 5-3 (Groundball, 5, EV 86.9 MPH)
|
|
Batting: RHB Francisco Valenzuela
|
0-0: Ball 1-0: Foul Ball, location: 2F 1-1: Swinging Strike 1-2: Ball 2-2: Ball 3-2: Strikes out swinging
|
|
Batting: RHB Hektor Luvian
|
0-0: Ball 1-0: Called Strike 1-1: Swinging Strike 1-2: Strikes out swinging
|
| Top of the 8th over - 0 runs, 0 hits, 0 errors, 0 left on base; Miami (APP) 8 - Missoula 5 |
| BOTTOM OF THE 8TH |
|
Missoula Osprey batting - Pitching for Miami (APP) Marlins : RHP Eric Schafer
|
|
Batting: RHB Shing Mah
|
0-0: Ball 1-0: Called Strike 1-1: Called Strike 1-2: Foul Ball, location: 2F 1-2: Ball 2-2: Foul Ball, location: 2F 2-2: Ground out 6-3 (Groundball, 6, EV 81.9 MPH)
|
|
Pinch Hitting: LHB Nelson Pelico
|
0-0: Ball 1-0: SINGLE (Groundball, 23, EV 74.4 MPH) (infield hit)
|
|
Batting: LHB Adam Spence
|
0-0: Called Strike 0-1: Ball 1-1: Foul Ball, location: 2F 1-2: Strikes out swinging
|
|
Pitching: RHP Kyle Beabout
|
|
|
Batting: LHB Danny Salas
|
0-0: Ball 1-0: Foul Ball, location: 2F 1-1: Swinging Strike 1-2: Strikes out looking
|
| Bottom of the 8th over - 0 runs, 1 hit, 0 errors, 1 left on base; Miami (APP) 8 - Missoula 5 |
| TOP OF THE 9TH |
|
Miami (APP) Marlins batting - Pitching for Missoula Osprey : LHP Travis Osorio
|
|
Now at 3B: Nelson Pelico
|
|
|
Batting: RHB Terrell Smith
|
0-0: Foul Ball, location: 2F 0-1: Foul Ball, location: 2F 0-2: Ball 1-2: Strikes out looking
|
|
Batting: RHB Axel Moltke
|
0-0: Ball 1-0: Ball 2-0: Ball 3-0: Called Strike 3-1: Base on Balls
|
|
Batting: RHB Clark Meagher
|
0-0: Called Strike 0-1: Called Strike 0-2: Strikes out swinging
|
|
Batting: RHB David Martin
|
0-0: Called Strike 0-1: Ball 1-1: Foul Ball, location: 2F 1-2: Strikes out looking
|
| Top of the 9th over - 0 runs, 0 hits, 0 errors, 1 left on base; Miami (APP) 8 - Missoula 5 |
| BOTTOM OF THE 9TH |
|
Missoula Osprey batting - Pitching for Miami (APP) Marlins : RHP Kyle Beabout
|
|
Batting: RHB Hyeok Shon
|
0-0: Foul Ball, location: 2F 0-1: Ground out 6-3 (Groundball, 6, EV 98.8 MPH)
|
|
Batting: RHB Claude Leduc
|
0-0: Fly out, F3 (Popup, 34S, EV 70.0 MPH)
|
|
Batting: LHB Falco van Koeveringe
|
0-0: Ball 1-0: Foul Ball, location: 2F 1-1: Foul Ball, location: 2F 1-2: Ball 2-2: DOUBLE (Line Drive, 89XD, EV 100.0 MPH)
|
|
Batting: LHB Angelo Lira
|
0-0: Called Strike 0-1: Ball 1-1: Swinging Strike 1-2: SINGLE (Groundball, 4MS, EV 71.2 MPH) (infield hit) Falco van Koeveringe to third
|
|
Batting: RHB David Powell
|
0-0: Called Strike 0-1: Swinging Strike 0-2: Strikes out swinging
|
| Bottom of the 9th over - 0 runs, 2 hits, 0 errors, 2 left on base; Miami (APP) 8 - Missoula 5 |
|